Predators vs Ducks

Created - Thursday, November 05, 2015 at 02:13

Goals
1 2 3 OT1 T
Predators 1 2 0 1 4
Ducks 2 0 1 0 3
Shots
1 2 3 OT1 T
Predators 10 21 4 1 36
Ducks 10 4 9 0 23

1st period

1. Ducks , Henrik Sedin 4 (Patrick Kane, Anton Stralman) at 5:22 (PP)
2. Predators , Andrew Cogliano 2 (Patrice Bergeron, Trevor Daley) at 17:33
3. Ducks , Antoine Vermette 1 (Nick Foligno, Anton Stralman) at 19:22

Penalties :
Evander Kane (Nsh) for Holding (Minor) at 5:02, Cody Eakin (Nsh) for Interference (Minor) at 7:00, Patrick Maroon (Nsh) for Hooking (Minor) at 9:53

2nd period

4. Predators , Patrice Bergeron 3 (Dennis Seidenberg, Andrew Cogliano) at 13:44
5. Predators , Evander Kane 3 (Valtteri Filppula, Radim Vrbata) at 17:29

Penalties :
James Wisniewski (Ana) for Holding Stick (Minor) at 13:47, Patrick Maroon (Nsh) for Holding (Minor) at 19:58

3rd period

6. Ducks , Antoine Vermette 2 (James Wisniewski, Marc Staal) at 10:21

Penalties :
Evander Kane (Nsh) for Hooking (Minor) at 2:47, Nick Foligno (Ana) for Holding (Minor) at 10:42, Trevor Daley (Nsh) for Interference (Minor) at 16:18

Overtime #1

7. Predators , Cody Eakin 1 (Patrice Bergeron) at 0:04

Penalties :
No Penalty

Goalie Stats

Jimmy Howard (Nsh), 20 saves from 23 shots - (0.870), W, 5-6-0, 60:04 minutes
Jonathan Bernier (Ana), 32 saves from 36 shots - (0.889), OTL, 4-3-4, 60:04 minutes

Players Stats for Predators

Player Name              G  A  P  +/- PIM S  H  SB GA TA FO     MP     PP MP  PK MP  
------------------------------------------------------------------------------------
Andrew Cogliano          1  1  2   2  0   4  1  0  2  1  2/2    14:55   0:00   5:09 
Ben Smith                0  0  0   0  0   0  0  0  0  0  0/0     0:00   0:00   0:00 
Cal Clutterbuck          0  0  0   0  0   0  1  0  0  0  0/0     8:27   0:00   0:00 
Cody Eakin               1  0  1   0  2   3  3  1  2  0  1/3    19:20   1:53   4:06 
Dan Boyle                0  0  0   0  0   2  2  0  0  0  0/0    16:53   1:28   0:00 
Dennis Seidenberg        0  1  1   1  0   0  4  0  0  1  0/0    22:03   1:28   4:19 
Dylan Olsen              0  0  0   1  0   0  1  1  0  1  0/0    11:44   0:00   0:11 
Eric Fehr                0  0  0   2  0   1  0  0  0  0  1/1    15:53   0:00   5:06 
Evander Kane             1  0  1   0  4   1  2  0  1  0  0/3    17:45   2:05   1:00 
Nick Schultz             0  0  0   0  0   2  1  1  0  1  0/0    20:22   0:00   6:55 
Patrice Bergeron         1  2  3   3  0   3  1  0  2  0  7/17   17:54   0:00   0:00 
Patrick Maroon           0  0  0   0  4   0  1  0  0  0  0/0     9:01   0:00   0:00 
Radim Vrbata             0  1  1   0  0   4  1  0  3  0  0/0    16:44   2:05   0:00 
Roman Josi               0  0  0   1  0   3  0  4  0  1  0/0    26:32   2:30   5:56 
Tomas Hertl              0  0  0  -1  0   4  1  0  3  0  1/2    13:47   1:53   0:00 
Tomas Plekanec           0  0  0  -1  0   2  1  0  3  0  13/19  18:56   1:53   5:09 
Trevor Daley             0  1  1   1  2   2  0  1  0  1  0/0    22:55   2:30   3:09 
Valtteri Filppula        0  1  1   0  0   5  0  1  1  1  4/8    16:44   2:05   0:00 

Players Stats for Ducks

Player Name              G  A  P  +/- PIM S  H  SB GA TA FO     MP     PP MP  PK MP  
------------------------------------------------------------------------------------
Andrew MacWilliam        0  0  0   0  0   0  0  1  0  1  0/0    13:28   0:00   0:00 
Antoine Vermette         2  0  2   2  0   2  0  0  1  0  1/4     9:21   0:00   1:23 
Anton Stralman           0  2  2  -2  0   1  0  2  0  2  0/0    26:24   5:54   3:34 
Blake Comeau             0  0  0   2  0   1  2  0  0  1  0/0     8:49   0:00   0:51 
Brad Richardson          0  0  0  -2  0   1  0  1  1  0  1/2    14:56   0:00   0:00 
Brett Bellemore          0  0  0   0  0   0  0  0  0  0  0/0     0:00   0:00   0:00 
Drew Miller              0  0  0  -1  0   0  1  0  0  0  0/1    15:51   0:00   0:36 
Henrik Sedin             1  0  1  -1  0   1  0  0  4  0  11/19  15:35   5:52   0:05 
James Wisniewski         0  1  1   0  2   4  0  0  1  0  0/0    20:43   4:21   0:24 
Jean-Gabriel Pageau      0  0  0  -2  0   5  3  0  5  0  3/11   14:34   0:00   0:00 
Johnny Boychuk           0  0  0  -2  0   3  3  0  0  2  0/0    24:21   5:54   2:03 
Jonathan Huberdeau       0  0  0   0  0   1  2  0  2  0  0/1    18:00   4:23   0:00 
Marc Staal               0  1  1   0  0   1  1  0  1  1  0/0    19:09   4:21   0:00 
Matthew Carle            0  0  0   0  0   0  2  1  0  1  0/0    16:34   0:00   1:55 
Nick Foligno             0  1  1  -1  2   0  2  0  0  0  2/4    23:28   5:52   1:54 
Nikita Kucherov          0  0  0   0  0   0  3  0  3  0  1/1    18:22   4:23   0:00 
Patrick Kane             0  1  1  -2  0   1  1  1  2  0  0/1    18:04   5:52   3:02 
Tyler Bozak              0  0  0   0  0   2  1  0  2  0  7/11   18:37   4:23   0:05 

3 Stars

1 - Patrice Bergeron (Nsh)
2 - Antoine Vermette (Ana)
3 - Andrew Cogliano (Nsh)

Power Play

Predators - 0 on 2 Attempt(s) - 0.00%
Ducks - 1 on 6 Attempt(s) - 16.67%

Penalty Kill

Predators - 5 on 6 Attempt(s) - 83.33% - Score 0 goal in Penalty Kill
Ducks - 2 on 2 Attempt(s) - 100.00% - Score 0 goal in Penalty Kill

Team Stat

Predators - Hits : 20 - Faceoff Wins : 29 - Blocked Shots : 9 - Penalty Minutes : 12
Ducks - Hits : 21 - Faceoff Wins : 26 - Blocked Shots : 6 - Penalty Minutes : 4

Official

Referees : Unknown
Linesman : Unknown

Game Notes

No Game Note

Finance

Level 1 -- Attendance: 4380 (73.00%) -- Ticket Income $416,100
Level 2 -- Attendance: 4787 (95.74%) -- Ticket Income $239,350
Level 3 -- Attendance: 1856 (92.80%) -- Ticket Income $55,680
Level 4 -- Attendance: 4000 (100.00%) -- Ticket Income $72,000
Luxury Box -- Attendance: 860 (86.00%) -- Ticket Income $159,100
Game was played at the Honda Center.
Total Attendance: 15883 (88.24%)
Total Ticket Income: $942,230
Other Income: $461,693
Total Income: $1,403,923

Predators

5 vs 5 Forward 
   Center                   Left Wing                Right Wing               Time % Phy DF OF 
 1 Patrice Bergeron         Andrew Cogliano          Eric Fehr                28     0   2  3  
 2 Tomas Plekanec           Cody Eakin               Tomas Hertl              28     0   2  3  
 3 Valtteri Filppula        Evander Kane             Radim Vrbata             28     0   1  4  
 4 Patrice Bergeron         Patrick Maroon           Cal Clutterbuck          16     1   3  1  

5 vs 5 Defense 
   Defense                  Defense                                           Time % Phy DF OF 
 1 Nick Schultz             Roman Josi                                        28     0   3  2  
 2 Trevor Daley             Dylan Olsen                                       26     0   4  1  
 3 Dennis Seidenberg        Dan Boyle                                         25     0   4  1  
 4 Roman Josi               Trevor Daley                                      21     0   3  2  

PowerPlay Forward 
   Center                   Left Wing                Right Wing               Time % Phy DF OF 
 1 Valtteri Filppula        Evander Kane             Radim Vrbata             60     0   1  4  
 2 Tomas Plekanec           Cody Eakin               Tomas Hertl              40     0   1  4  

PowerPlay Defense
   Defense                  Defense                                           Time % Phy DF OF 
 1 Trevor Daley             Roman Josi                                        70     0   1  4  
 2 Dennis Seidenberg        Dan Boyle                                         30     0   2  3  

Penalty Kill 4 Players Forward 
   Center                   Wing                     Time % Phy DF OF 
 1 Tomas Plekanec           Andrew Cogliano          50     0   3  2  
 2 Cody Eakin               Eric Fehr                50     0   3  2  

Penalty Kill 4 Players Defense
   Defense                  Defense                  Time % Phy DF OF 
 1 Nick Schultz             Roman Josi               50     0   4  1  
 2 Trevor Daley             Dennis Seidenberg        50     0   4  1  

Penalty Kill - 3 Players Forward 
   Forward                                           Time % Phy DF OF 
 1 Cody Eakin                                        50     0   4  1  
 2 Andrew Cogliano                                   50     0   4  1  

Penalty Kill - 3 Players Defense
   Defense                  Defense                  Time % Phy DF OF 
 1 Nick Schultz             Dennis Seidenberg        50     0   5  0  
 2 Trevor Daley             Dylan Olsen              50     0   5  0  

4 vs 4 Forward 
   Center                   Wing                     Time % Phy DF OF 
 1 Patrice Bergeron         Cody Eakin               50     0   2  3  
 2 Valtteri Filppula        Radim Vrbata             50     0   1  4  

4 vs 4 Defense
   Defense                  Defense                  Time % Phy DF OF 
 1 Roman Josi               Dennis Seidenberg        60     0   3  2  
 2 Trevor Daley             Nick Schultz             40     0   4  1  

Last Minutes Offensive
   Center                   Left Wing                Right Wing               Defense                  Defense                  
   Tomas Plekanec           Valtteri Filppula        Radim Vrbata             Roman Josi               Trevor Daley             

Last Minutes Defensive
   Center                   Left Wing                Right Wing               Defense                  Defense                  
   Tomas Plekanec           Evander Kane             Andrew Cogliano          Roman Josi               Dennis Seidenberg        

Goaltenders
Starting : Jimmy Howard             
Backup : Kari Lehtonen            

Extra Forwards
Normal : Patrice Bergeron, Tomas Plekanec, Cody Eakin - PP : Eric Fehr, Patrick Maroon - PK : Evander Kane
Extra Defensemen
Normal : Roman Josi, Trevor Daley, Dennis Seidenberg - PP : Roman Josi - PK : Nick Schultz, Dylan Olsen
Penalty Shots
Patrice Bergeron, Radim Vrbata, Eric Fehr, Roman Josi, Tomas Plekanec

Ducks

5 vs 5 Forward 
   Center                   Left Wing                Right Wing               Time % Phy DF OF 
 1 Henrik Sedin             Nick Foligno             Patrick Kane             36     1   2  2  
 2 Tyler Bozak              Jonathan Huberdeau       Nikita Kucherov          30     1   2  2  
 3 Antoine Vermette         Blake Comeau             Nick Foligno             21     1   2  2  
 4 Jean-Gabriel Pageau      Brad Richardson          Drew Miller              13     1   2  2  

5 vs 5 Defense 
   Defense                  Defense                                           Time % Phy DF OF 
 1 Johnny Boychuk           Anton Stralman                                    35     1   2  2  
 2 James Wisniewski         Marc Staal                                        30     1   2  2  
 3 Matthew Carle            Andrew MacWilliam                                 22     1   2  2  
 4 Johnny Boychuk           Anton Stralman                                    13     1   2  2  

PowerPlay Forward 
   Center                   Left Wing                Right Wing               Time % Phy DF OF 
 1 Henrik Sedin             Nick Foligno             Patrick Kane             60     1   2  2  
 2 Tyler Bozak              Jonathan Huberdeau       Nikita Kucherov          40     1   2  2  

PowerPlay Defense
   Defense                  Defense                                           Time % Phy DF OF 
 1 Johnny Boychuk           Anton Stralman                                    60     1   2  2  
 2 James Wisniewski         Marc Staal                                        40     1   2  2  

Penalty Kill 4 Players Forward 
   Center                   Wing                     Time % Phy DF OF 
 1 Nick Foligno             Patrick Kane             60     1   2  2  
 2 Henrik Sedin             Tyler Bozak              40     1   2  2  

Penalty Kill 4 Players Defense
   Defense                  Defense                  Time % Phy DF OF 
 1 Johnny Boychuk           Anton Stralman           60     1   2  2  
 2 James Wisniewski         Matthew Carle            40     1   2  2  

Penalty Kill - 3 Players Forward 
   Forward                                           Time % Phy DF OF 
 1 Nick Foligno                                      60     1   2  2  
 2 Patrick Kane                                      40     1   2  2  

Penalty Kill - 3 Players Defense
   Defense                  Defense                  Time % Phy DF OF 
 1 Johnny Boychuk           Anton Stralman           60     1   2  2  
 2 James Wisniewski         Matthew Carle            40     1   2  2  

4 vs 4 Forward 
   Center                   Wing                     Time % Phy DF OF 
 1 Nick Foligno             Patrick Kane             60     1   2  2  
 2 Henrik Sedin             Tyler Bozak              40     1   2  2  

4 vs 4 Defense
   Defense                  Defense                  Time % Phy DF OF 
 1 Johnny Boychuk           Anton Stralman           60     1   2  2  
 2 James Wisniewski         Matthew Carle            40     1   2  2  

Last Minutes Offensive
   Center                   Left Wing                Right Wing               Defense                  Defense                  
   Nick Foligno             Jonathan Huberdeau       Patrick Kane             Johnny Boychuk           Anton Stralman           

Last Minutes Defensive
   Center                   Left Wing                Right Wing               Defense                  Defense                  
   Nick Foligno             Jonathan Huberdeau       Patrick Kane             Johnny Boychuk           Anton Stralman           

Goaltenders
Starting : Jonathan Bernier         
Backup : Jhonas Enroth            

Extra Forwards
Normal : Antoine Vermette, Blake Comeau, Drew Miller - PP : Antoine Vermette, Blake Comeau - PK : Drew Miller
Extra Defensemen
Normal : Marc Staal, Johnny Boychuk, James Wisniewski - PP : Marc Staal - PK : Anton Stralman, James Wisniewski
Penalty Shots
Nick Foligno, Patrick Kane, Henrik Sedin, Tyler Bozak, Antoine Vermette

% Time on Ice - Predators

Lines # - Real PCT - Wanted PCT - Time Play
Normal Forward
1 - 21% - 28% - 9:46
2 - 28% - 28% - 12:55
3 - 32% - 28% - 14:39
4 - 18% - 16% - 8:27
Normal Defense
1 - 29% - 28% - 13:27
2 - 28% - 26% - 12:49
3 - 33% - 25% - 14:56
4 - 10% - 21% - 4:35
PP Forward
1 - 53% - 60% - 2:05
2 - 47% - 40% - 1:53
PP Defense
1 - 63% - 70% - 2:30
2 - 37% - 30% - 1:28
PK Forward
1 - 50% - 50% - 5:09
2 - 50% - 50% - 5:06
PK Defense
1 - 58% - 50% - 5:56
2 - 42% - 50% - 4:19
PK3 Forward
1 - 0% - 50%
2 - 0% - 50%
PK3 Defense
1 - 0% - 50%
2 - 0% - 50%
44 Forward
1 - 100% - 50% - 0:04
2 - 0% - 50% - 0:00
44 Defense
1 - 100% - 60% - 0:04
2 - 0% - 40% - 0:00
Last Minute Offensive  - 0:00
Last Minute Defensive  - 0:00
Total
Forward - 60:04
Defense - 60:04

% Time on Ice - Ducks

Lines # - Real PCT - Wanted PCT - Time Play
Normal Forward
1 - 20% - 36% - 9:09
2 - 31% - 30% - 14:09
3 - 17% - 21% - 7:55
4 - 32% - 13% - 14:34
Normal Defense
1 - 30% - 35% - 13:46
2 - 35% - 30% - 15:59
3 - 29% - 22% - 13:28
4 - 6% - 13% - 2:34
PP Forward
1 - 57% - 60% - 5:52
2 - 43% - 40% - 4:23
PP Defense
1 - 58% - 60% - 5:54
2 - 42% - 40% - 4:21
PK Forward
1 - 98% - 60% - 3:53
2 - 2% - 40% - 0:05
PK Defense
1 - 52% - 60% - 2:03
2 - 48% - 40% - 1:55
PK3 Forward
1 - 0% - 60%
2 - 0% - 40%
PK3 Defense
1 - 0% - 60%
2 - 0% - 40%
44 Forward
1 - 100% - 60% - 0:04
2 - 0% - 40% - 0:00
44 Defense
1 - 100% - 60% - 0:04
2 - 0% - 40% - 0:00
Last Minute Offensive  - 0:00
Last Minute Defensive  - 0:00
Total
Forward - 60:04
Defense - 60:04

Play by Play

1st period


0:01 of 1st period - Henrik Sedin wins face-off versus Patrice Bergeron in neutral zone.
0:14 of 1st period - Snap shot by Henrik Sedin.
0:14 of 1st period - Shot Misses the Net.
1:03 of 1st period - Snap shot by Jonathan Huberdeau.
1:03 of 1st period - Shot Blocked by Cody Eakin.
1:15 of 1st period - James Wisniewski is hit by Tomas Plekanec and loses puck.
1:43 of 1st period - Backhand shot by Jean-Gabriel Pageau.
1:43 of 1st period - Stopped by Jimmy Howard with a rebound.
2:53 of 1st period - Slapshot by Patrick Kane.
2:53 of 1st period - Shot Misses the Net.
2:55 of 1st period - Slapshot by Johnny Boychuk.
2:55 of 1st period - Stopped by Jimmy Howard without a rebound.
2:56 of 1st period - Tomas Hertl wins face-off versus Henrik Sedin in Predators zone.
3:11 of 1st period - Johnny Boychuk is hit by Dan Boyle and loses puck.
4:05 of 1st period - Backhand shot by Radim Vrbata.
4:05 of 1st period - Stopped by Jonathan Bernier without a rebound.
4:06 of 1st period - Valtteri Filppula wins face-off versus Jean-Gabriel Pageau in Ducks zone.
4:11 of 1st period - Wrist shot by Radim Vrbata.
4:11 of 1st period - Stopped by Jonathan Bernier without a rebound.
4:12 of 1st period - Tomas Plekanec wins face-off versus Jean-Gabriel Pageau in Ducks zone.
4:21 of 1st period - Snap shot by Tomas Hertl.
4:21 of 1st period - Stopped by Jonathan Bernier without a rebound.
4:22 of 1st period - Tomas Plekanec wins face-off versus Jean-Gabriel Pageau in Ducks zone.
4:31 of 1st period - Wrist shot by Tomas Plekanec.
4:31 of 1st period - Deflect By Tomas Hertl.
4:31 of 1st period - Shot Misses the Net.
4:31 of 1st period - Puck is out of play.
4:32 of 1st period - Tomas Plekanec wins face-off versus Jean-Gabriel Pageau in Ducks zone.
4:44 of 1st period - Wrist shot by Tomas Plekanec.
4:44 of 1st period - Stopped by Jonathan Bernier without a rebound.
4:45 of 1st period - Valtteri Filppula wins face-off versus Antoine Vermette in Ducks zone.
5:00 of 1st period - Wrist shot by Nick Foligno.
5:00 of 1st period - Shot Blocked by Roman Josi.
5:02 of 1st period - Minor Penalty to Evander Kane for Holding.
5:03 of 1st period - Andrew Cogliano wins face-off versus Henrik Sedin in Predators zone.
5:22 of 1st period - Snap shot by Henrik Sedin.
5:22 of 1st period - Goal by Henrik Sedin - Predators : 0 - Ducks : 1.
5:23 of 1st period - Patrice Bergeron wins face-off versus Henrik Sedin in neutral zone.
5:26 of 1st period - Anton Stralman is hit by Patrice Bergeron and loses puck.
6:15 of 1st period - Valtteri Filppula is hit by Johnny Boychuk and loses puck.
6:40 of 1st period - Marc Staal is hit by Dennis Seidenberg and loses puck.
7:00 of 1st period - Minor Penalty to Cody Eakin for Interference.
7:01 of 1st period - Henrik Sedin wins face-off versus Tomas Plekanec in Predators zone.
7:44 of 1st period - Slapshot by James Wisniewski.
7:44 of 1st period - Stopped by Jimmy Howard without a rebound.
7:45 of 1st period - Henrik Sedin wins face-off versus Evander Kane in Predators zone.
8:23 of 1st period - Slapshot by Tyler Bozak.
8:23 of 1st period - Shot Misses the Net.
8:59 of 1st period - Slapshot by Johnny Boychuk.
8:59 of 1st period - Deflect By Jonathan Huberdeau.
8:59 of 1st period - Shot Misses the Net.
8:59 of 1st period - Puck is out of play.
9:00 of 1st period - Penalty to Cody Eakin is over, Cody Eakin is back on ice.
9:00 of 1st period - Tyler Bozak wins face-off versus Patrice Bergeron in Predators zone.
9:07 of 1st period - Snap shot by Tyler Bozak.
9:07 of 1st period - Stopped by Jimmy Howard with a rebound.
9:53 of 1st period - Minor Penalty to Patrick Maroon for Hooking.
9:54 of 1st period - Tomas Plekanec wins face-off versus Henrik Sedin in Predators zone.
10:29 of 1st period - Wrist shot by Andrew Cogliano.
10:29 of 1st period - Stopped by Jonathan Bernier without a rebound.
10:30 of 1st period - Tyler Bozak wins face-off versus Cody Eakin in Ducks zone.
11:17 of 1st period - Wrist shot by Patrick Kane.
11:17 of 1st period - Shot Misses the Net.
11:19 of 1st period - Wrist shot by Henrik Sedin.
11:19 of 1st period - Shot Hit the Post.
11:21 of 1st period - Slapshot by Marc Staal.
11:21 of 1st period - Stopped by Jimmy Howard without a rebound.
11:22 of 1st period - Andrew Cogliano wins face-off versus Henrik Sedin in Predators zone.
11:31 of 1st period - Roman Josi is hit by Patrick Kane and loses puck.
11:53 of 1st period - Penalty to Patrick Maroon is over, Patrick Maroon is back on ice.
12:35 of 1st period - Snap shot by Valtteri Filppula.
12:35 of 1st period - Stopped by Jonathan Bernier without a rebound.
12:36 of 1st period - Antoine Vermette wins face-off versus Patrice Bergeron in Ducks zone.
13:41 of 1st period - Wrist shot by Radim Vrbata.
13:41 of 1st period - Stopped by Jonathan Bernier with a rebound.
13:55 of 1st period - Brad Richardson is hit by Dylan Olsen and loses puck.
14:06 of 1st period - Snap shot by Jean-Gabriel Pageau.
14:06 of 1st period - Stopped by Jimmy Howard without a rebound.
14:07 of 1st period - Jean-Gabriel Pageau wins face-off versus Tomas Hertl in Predators zone.
14:08 of 1st period - Slapshot by James Wisniewski.
14:08 of 1st period - Stopped by Jimmy Howard without a rebound.
14:09 of 1st period - Jean-Gabriel Pageau wins face-off versus Tomas Plekanec in Predators zone.
14:22 of 1st period - Icing by Tomas Plekanec.
14:23 of 1st period - Tomas Plekanec wins face-off versus Patrick Kane in Predators zone.
14:36 of 1st period - Wrist shot by Tomas Plekanec.
14:36 of 1st period - Deflect By Tomas Hertl.
14:36 of 1st period - Stopped by Jonathan Bernier with a rebound.
14:46 of 1st period - Wrist shot by Tomas Plekanec.
14:46 of 1st period - Stopped by Jonathan Bernier without a rebound.
14:47 of 1st period - Tyler Bozak wins face-off versus Patrice Bergeron in Ducks zone.
15:41 of 1st period - Dan Boyle is hit by Jean-Gabriel Pageau.
15:42 of 1st period - Icing by Dan Boyle.
15:43 of 1st period - Brad Richardson wins face-off versus Valtteri Filppula in Predators zone.
15:50 of 1st period - Snap shot by Jean-Gabriel Pageau.
15:50 of 1st period - Stopped by Jimmy Howard with a rebound.
15:56 of 1st period - Johnny Boychuk is hit by Evander Kane and loses puck.
16:14 of 1st period - Slapshot by Evander Kane.
16:14 of 1st period - Shot Blocked by Brad Richardson.
16:26 of 1st period - Johnny Boychuk is hit by Tomas Hertl and loses puck.
16:37 of 1st period - Wrist shot by Tomas Hertl.
16:37 of 1st period - Shot Blocked by Anton Stralman.
17:17 of 1st period - Snap shot by Patrice Bergeron.
17:17 of 1st period - Shot Blocked by Andrew MacWilliam.
17:19 of 1st period - Slapshot by Dylan Olsen.
17:19 of 1st period - Shot Misses the Net.
17:33 of 1st period - Slapshot by Andrew Cogliano.
17:33 of 1st period - Goal by Andrew Cogliano - Predators : 1 - Ducks : 1.
17:34 of 1st period - Nikita Kucherov wins face-off versus Evander Kane in neutral zone.
18:38 of 1st period - Matthew Carle is hit by Dennis Seidenberg and loses puck.
19:16 of 1st period - Wrist shot by Nick Foligno.
19:16 of 1st period - Shot Misses the Net.
19:22 of 1st period - Snap shot by Nick Foligno.
19:22 of 1st period - Deflect By Antoine Vermette.
19:22 of 1st period - Goal by Antoine Vermette - Predators : 1 - Ducks : 2.
19:23 of 1st period - Eric Fehr wins face-off versus Antoine Vermette in neutral zone.
Goals for this period are 1 for Predators vs 2 for Ducks.
Shots for this period are 10 for Predators vs 10 for Ducks.

2nd period


0:01 of 2nd period - Henrik Sedin wins face-off versus Patrice Bergeron in neutral zone.
0:12 of 2nd period - Snap shot by Henrik Sedin.
0:12 of 2nd period - Shot Blocked by Roman Josi.
0:14 of 2nd period - Snap shot by Patrick Kane.
0:14 of 2nd period - Shot Misses the Net.
0:48 of 2nd period - Snap shot by Nikita Kucherov.
0:48 of 2nd period - Shot Misses the Net.
0:50 of 2nd period - Slapshot by Anton Stralman.
0:50 of 2nd period - Stopped by Jimmy Howard without a rebound.
0:51 of 2nd period - Tomas Plekanec wins face-off versus Jonathan Huberdeau in Predators zone.
1:07 of 2nd period - Snap shot by Tomas Hertl.
1:07 of 2nd period - Stopped by Jonathan Bernier with a rebound.
1:22 of 2nd period - Slapshot by Tomas Plekanec.
1:22 of 2nd period - Deflect By Cody Eakin.
1:22 of 2nd period - Stopped by Jonathan Bernier with a rebound.
1:24 of 2nd period - Slapshot by Dan Boyle.
1:24 of 2nd period - Stopped by Jonathan Bernier with a rebound.
2:00 of 2nd period - Dylan Olsen is hit by Nick Foligno and loses puck.
2:36 of 2nd period - Snap shot by Johnny Boychuk.
2:36 of 2nd period - Stopped by Jimmy Howard without a rebound.
2:37 of 2nd period - Patrice Bergeron wins face-off versus Brad Richardson in Predators zone.
3:18 of 2nd period - Trevor Daley is hit by Jean-Gabriel Pageau and loses puck.
3:41 of 2nd period - Snap shot by Tomas Plekanec.
3:41 of 2nd period - Shot Misses the Net.
3:43 of 2nd period - Snap shot by Roman Josi.
3:43 of 2nd period - Deflect By Anton Stralman.
3:43 of 2nd period - Stopped by Jonathan Bernier with a rebound.
3:45 of 2nd period - Slapshot by Roman Josi.
3:45 of 2nd period - Stopped by Jonathan Bernier with a rebound.
3:47 of 2nd period - Snap shot by Cody Eakin.
3:47 of 2nd period - Stopped by Jonathan Bernier with a rebound.
4:16 of 2nd period - Roman Josi is hit by Jonathan Huberdeau.
4:22 of 2nd period - Matthew Carle is hit by Radim Vrbata.
4:28 of 2nd period - Evander Kane is hit by Tyler Bozak and loses puck.
5:09 of 2nd period - Off-side.
5:10 of 2nd period - Patrice Bergeron wins face-off versus Jean-Gabriel Pageau in neutral zone.
5:21 of 2nd period - Snap shot by Patrice Bergeron.
5:21 of 2nd period - Shot Misses the Net.
5:33 of 2nd period - Wrist shot by Tomas Hertl.
5:33 of 2nd period - Stopped by Jonathan Bernier with a rebound.
5:35 of 2nd period - Slapshot by Trevor Daley.
5:35 of 2nd period - Stopped by Jonathan Bernier with a rebound.
5:37 of 2nd period - Snap shot by Trevor Daley.
5:37 of 2nd period - Stopped by Jonathan Bernier without a rebound.
5:38 of 2nd period - Tomas Plekanec wins face-off versus Tyler Bozak in Ducks zone.
5:53 of 2nd period - Off-side.
5:54 of 2nd period - Valtteri Filppula wins face-off versus Tyler Bozak in neutral zone.
6:39 of 2nd period - Wrist shot by Jean-Gabriel Pageau.
6:39 of 2nd period - Stopped by Jimmy Howard without a rebound.
6:40 of 2nd period - Tomas Plekanec wins face-off versus Jean-Gabriel Pageau in Predators zone.
6:45 of 2nd period - Slapshot by Trevor Daley.
6:45 of 2nd period - Shot Misses the Net.
6:47 of 2nd period - Snap shot by Roman Josi.
6:47 of 2nd period - Stopped by Jonathan Bernier without a rebound.
6:48 of 2nd period - Tomas Plekanec wins face-off versus Henrik Sedin in Ducks zone.
7:48 of 2nd period - Snap shot by Patrice Bergeron.
7:48 of 2nd period - Stopped by Jonathan Bernier with a rebound.
7:50 of 2nd period - Wrist shot by Eric Fehr.
7:50 of 2nd period - Stopped by Jonathan Bernier without a rebound.
7:51 of 2nd period - Jean-Gabriel Pageau wins face-off versus Patrice Bergeron in Ducks zone.
7:56 of 2nd period - Dan Boyle is hit by Johnny Boychuk and loses puck.
8:36 of 2nd period - Icing by Dennis Seidenberg.
8:37 of 2nd period - Tyler Bozak wins face-off versus Valtteri Filppula in Predators zone.
9:11 of 2nd period - Andrew MacWilliam is hit by Dennis Seidenberg and loses puck.
10:55 of 2nd period - Valtteri Filppula is hit by Blake Comeau and loses puck.
11:14 of 2nd period - Wrist shot by Andrew Cogliano.
11:14 of 2nd period - Deflect By Patrice Bergeron.
11:14 of 2nd period - Shot Misses the Net.
11:14 of 2nd period - Puck is out of play.
11:15 of 2nd period - Tyler Bozak wins face-off versus Patrice Bergeron in Ducks zone.
11:28 of 2nd period - Backhand shot by Patrice Bergeron.
11:28 of 2nd period - Shot Misses the Net.
11:34 of 2nd period - Wrist shot by Andrew Cogliano.
11:34 of 2nd period - Stopped by Jonathan Bernier with a rebound.
11:43 of 2nd period - Off-side.
11:44 of 2nd period - Henrik Sedin wins face-off versus Tomas Plekanec in neutral zone.
11:53 of 2nd period - Trevor Daley is hit by Matthew Carle and loses puck.
12:35 of 2nd period - Snap shot by Brad Richardson.
12:35 of 2nd period - Stopped by Jimmy Howard without a rebound.
12:36 of 2nd period - Tyler Bozak wins face-off versus Evander Kane in Predators zone.
12:45 of 2nd period - Johnny Boychuk is hit by Nick Schultz and loses puck.
13:42 of 2nd period - Wrist shot by Patrice Bergeron.
13:42 of 2nd period - Shot Misses the Net.
13:44 of 2nd period - Slapshot by Dennis Seidenberg.
13:44 of 2nd period - Deflect By Patrice Bergeron.
13:44 of 2nd period - Goal by Patrice Bergeron - Predators : 2 - Ducks : 2.
13:45 of 2nd period - Henrik Sedin wins face-off versus Tomas Plekanec in neutral zone.
13:47 of 2nd period - Minor Penalty to James Wisniewski for Holding Stick.
13:48 of 2nd period - Nick Foligno wins face-off versus Valtteri Filppula in Ducks zone.
14:00 of 2nd period - Snap shot by Valtteri Filppula.
14:00 of 2nd period - Shot Blocked by Patrick Kane.
14:13 of 2nd period - Slapshot by Trevor Daley.
14:13 of 2nd period - Shot Blocked by Anton Stralman.
14:15 of 2nd period - Slapshot by Valtteri Filppula.
14:15 of 2nd period - Stopped by Jonathan Bernier without a rebound.
14:16 of 2nd period - Nick Foligno wins face-off versus Tomas Plekanec in Ducks zone.
15:20 of 2nd period - Snap shot by Radim Vrbata.
15:20 of 2nd period - Stopped by Jonathan Bernier with a rebound.
15:24 of 2nd period - Wrist shot by Valtteri Filppula.
15:24 of 2nd period - Stopped by Jonathan Bernier with a rebound.
15:47 of 2nd period - Penalty to James Wisniewski is over, James Wisniewski is back on ice.
15:50 of 2nd period - Tyler Bozak is hit by Dan Boyle and loses puck.
16:16 of 2nd period - Snap shot by Andrew Cogliano.
16:16 of 2nd period - Shot Blocked by Matthew Carle.
16:18 of 2nd period - Slapshot by Nick Schultz.
16:18 of 2nd period - Deflect By Anton Stralman.
16:18 of 2nd period - Stopped by Jonathan Bernier without a rebound.
16:19 of 2nd period - Patrice Bergeron wins face-off versus Jean-Gabriel Pageau in Ducks zone.
16:48 of 2nd period - Wrist shot by Patrice Bergeron.
16:48 of 2nd period - Stopped by Jonathan Bernier with a rebound.
16:50 of 2nd period - Slapshot by Patrice Bergeron.
16:50 of 2nd period - Shot Misses the Net.
16:57 of 2nd period - Icing by Marc Staal.
16:58 of 2nd period - Valtteri Filppula wins face-off versus Jean-Gabriel Pageau in Ducks zone.
17:25 of 2nd period - Wrist shot by Radim Vrbata.
17:25 of 2nd period - Shot Misses the Net.
17:27 of 2nd period - Snap shot by Valtteri Filppula.
17:27 of 2nd period - Stopped by Jonathan Bernier with a rebound.
17:29 of 2nd period - Snap shot by Evander Kane.
17:29 of 2nd period - Deflect By Jean-Gabriel Pageau.
17:29 of 2nd period - Goal by Evander Kane - Predators : 3 - Ducks : 2.
17:30 of 2nd period - Tomas Plekanec wins face-off versus Tyler Bozak in neutral zone.
17:49 of 2nd period - Snap shot by Tyler Bozak.
17:49 of 2nd period - Shot Blocked by Roman Josi.
18:07 of 2nd period - Cody Eakin is hit by Matthew Carle and loses puck.
19:31 of 2nd period - Brad Richardson is hit by Evander Kane and loses puck.
19:58 of 2nd period - Minor Penalty to Patrick Maroon for Holding.
19:59 of 2nd period - Tomas Plekanec wins face-off versus Henrik Sedin in Predators zone.
Goals for this period are 2 for Predators vs 0 for Ducks.
Shots for this period are 21 for Predators vs 4 for Ducks.

3rd period


0:01 of 3rd period - Henrik Sedin wins face-off versus Cody Eakin in neutral zone.
0:18 of 3rd period - Trevor Daley is hit by Johnny Boychuk and loses puck.
1:03 of 3rd period - Roman Josi is hit by Nikita Kucherov and loses puck.
1:50 of 3rd period - James Wisniewski is hit by Cody Eakin and loses puck.
1:58 of 3rd period - Penalty to Patrick Maroon is over, Patrick Maroon is back on ice.
2:47 of 3rd period - Minor Penalty to Evander Kane for Hooking.
2:48 of 3rd period - Henrik Sedin wins face-off versus Tomas Plekanec in Predators zone.
3:01 of 3rd period - Snap shot by Anton Stralman.
3:01 of 3rd period - Shot Misses the Net.
3:57 of 3rd period - Wrist shot by Tyler Bozak.
3:57 of 3rd period - Shot Blocked by Roman Josi.
4:17 of 3rd period - Snap shot by Patrick Kane.
4:17 of 3rd period - Shot Misses the Net.
4:47 of 3rd period - Penalty to Evander Kane is over, Evander Kane is back on ice.
5:04 of 3rd period - Patrice Bergeron is hit by Drew Miller and loses puck.
5:11 of 3rd period - Wrist shot by Jean-Gabriel Pageau.
5:11 of 3rd period - Stopped by Jimmy Howard with a rebound.
5:23 of 3rd period - Drew Miller is hit by Patrick Maroon and loses puck.
5:36 of 3rd period - Slapshot by Evander Kane.
5:36 of 3rd period - Shot Misses the Net.
5:50 of 3rd period - Dennis Seidenberg is hit by Blake Comeau and loses puck.
5:57 of 3rd period - Wrist shot by Antoine Vermette.
5:57 of 3rd period - Shot Blocked by Valtteri Filppula.
5:59 of 3rd period - Snap shot by Antoine Vermette.
5:59 of 3rd period - Shot Misses the Net.
6:01 of 3rd period - Slapshot by James Wisniewski.
6:01 of 3rd period - Stopped by Jimmy Howard with a rebound.
6:43 of 3rd period - Dylan Olsen is hit by Marc Staal and loses puck.
7:24 of 3rd period - Nick Schultz is hit by Nikita Kucherov and loses puck.
8:01 of 3rd period - Antoine Vermette is hit by Andrew Cogliano.
8:26 of 3rd period - Slapshot by Valtteri Filppula.
8:26 of 3rd period - Stopped by Jonathan Bernier with a rebound.
8:44 of 3rd period - Cody Eakin is hit by Nick Foligno and loses puck.
9:08 of 3rd period - Drew Miller is hit by Cal Clutterbuck and loses puck.
9:38 of 3rd period - Anton Stralman is hit by Cody Eakin and loses puck.
10:05 of 3rd period - Snap shot by Blake Comeau.
10:05 of 3rd period - Stopped by Jimmy Howard with a rebound.
10:07 of 3rd period - Wrist shot by Brad Richardson.
10:07 of 3rd period - Shot Misses the Net.
10:19 of 3rd period - Slapshot by James Wisniewski.
10:19 of 3rd period - Stopped by Jimmy Howard with a rebound.
10:21 of 3rd period - Slapshot by James Wisniewski.
10:21 of 3rd period - Deflect By Antoine Vermette.
10:21 of 3rd period - Goal by Antoine Vermette - Predators : 3 - Ducks : 3.
10:22 of 3rd period - Patrice Bergeron wins face-off versus Henrik Sedin in neutral zone.
10:35 of 3rd period - Wrist shot by Patrice Bergeron.
10:35 of 3rd period - Shot Misses the Net.
10:37 of 3rd period - Slapshot by Nick Schultz.
10:37 of 3rd period - Shot Misses the Net.
10:39 of 3rd period - Slapshot by Nick Schultz.
10:39 of 3rd period - Stopped by Jonathan Bernier without a rebound.
10:40 of 3rd period - Henrik Sedin wins face-off versus Patrice Bergeron in Ducks zone.
10:42 of 3rd period - Minor Penalty to Nick Foligno for Holding.
10:43 of 3rd period - Tomas Plekanec wins face-off versus Drew Miller in Ducks zone.
12:42 of 3rd period - Penalty to Nick Foligno is over, Nick Foligno is back on ice.
12:51 of 3rd period - Matthew Carle is hit by Cody Eakin and loses puck.
13:19 of 3rd period - Eric Fehr is hit by Nikita Kucherov and loses puck.
14:02 of 3rd period - Icing by Dennis Seidenberg.
14:03 of 3rd period - Henrik Sedin wins face-off versus Patrice Bergeron in Predators zone.
14:04 of 3rd period - Wrist shot by Patrick Kane.
14:04 of 3rd period - Shot Misses the Net.
14:10 of 3rd period - Slapshot by Dan Boyle.
14:10 of 3rd period - Stopped by Jonathan Bernier with a rebound.
14:36 of 3rd period - Nick Schultz is hit by Jonathan Huberdeau and loses puck.
14:47 of 3rd period - Snap shot by Tyler Bozak.
14:47 of 3rd period - Shot Misses the Net.
14:49 of 3rd period - Slapshot by Johnny Boychuk.
14:49 of 3rd period - Deflect By Trevor Daley.
14:49 of 3rd period - Stopped by Jimmy Howard with a rebound.
15:45 of 3rd period - Roman Josi is hit by Jean-Gabriel Pageau and loses puck.
15:50 of 3rd period - Slapshot by Brad Richardson.
15:50 of 3rd period - Deflect By Drew Miller.
15:50 of 3rd period - Shot Blocked by Nick Schultz.
15:50 of 3rd period - Puck is out of play.
15:51 of 3rd period - Patrice Bergeron wins face-off versus Tyler Bozak in Predators zone.
15:58 of 3rd period - Wrist shot by Andrew Cogliano.
15:58 of 3rd period - Stopped by Jonathan Bernier with a rebound.
16:08 of 3rd period - Wrist shot by Jonathan Huberdeau.
16:08 of 3rd period - Stopped by Jimmy Howard without a rebound.
16:09 of 3rd period - Tyler Bozak wins face-off versus Patrice Bergeron in Predators zone.
16:12 of 3rd period - Snap shot by Tyler Bozak.
16:12 of 3rd period - Stopped by Jimmy Howard without a rebound.
16:13 of 3rd period - Henrik Sedin wins face-off versus Valtteri Filppula in Predators zone.
16:16 of 3rd period - Wrist shot by Patrick Kane.
16:16 of 3rd period - Stopped by Jimmy Howard with a rebound.
16:18 of 3rd period - Minor Penalty to Trevor Daley for Interference.
16:19 of 3rd period - Tomas Plekanec wins face-off versus Nick Foligno in Predators zone.
18:18 of 3rd period - Penalty to Trevor Daley is over, Trevor Daley is back on ice.
19:09 of 3rd period - Wrist shot by Brad Richardson.
19:09 of 3rd period - Shot Blocked by Dylan Olsen.
19:11 of 3rd period - Slapshot by Matthew Carle.
19:11 of 3rd period - Deflect By Jean-Gabriel Pageau.
19:11 of 3rd period - Shot Blocked by Trevor Daley.
19:11 of 3rd period - Puck is out of play.
19:12 of 3rd period - Patrice Bergeron wins face-off versus Antoine Vermette in Predators zone.
19:29 of 3rd period - Antoine Vermette is hit by Dennis Seidenberg and loses puck.
Goals for this period are 0 for Predators vs 1 for Ducks.
Shots for this period are 4 for Predators vs 9 for Ducks.

Overtime #1


0:01 of 1st overtime period - Cody Eakin wins face-off versus Nick Foligno in neutral zone.
0:04 of 1st overtime period - Slapshot by Patrice Bergeron.
0:04 of 1st overtime period - Deflect By Cody Eakin.
0:04 of 1st overtime period - Goal by Cody Eakin - Predators : 4 - Ducks : 3.
Goals for this period are 1 for Predators vs 0 for Ducks.
Shots for this period are 1 for Predators vs 0 for Ducks.